 Dungeon Crawl Stone Soup version 0.31.0 (webtiles) character file.

Game seed: 3785554856711197846

9776 BeingJoeMalik the Basher (level 11, -10/69 HPs)
             Began as a Tengu Fighter on Jan 19, 2024.
             Was a High Priest of Okawaru.
             Mangled by Urug
             ... wielding a +6 battleaxe
              (22 damage)
             ... on level 9 of the Dungeon on Jan 20, 2024.
             The game lasted 00:38:02 (11059 turns).

BeingJoeMalik the Basher (Tengu Fighter)           Turns: 11059, Time: 00:38:03

Health: -10/69     AC: 10    Str: 18    XL:     11   Next: 51%
Magic:  0/14       EV: 15    Int:  8    God:    Okawaru [*****.]
Gold:   258        SH:  7    Dex: 17    Spells: 9/10 levels left

rFire   . . .        v - +2 whip (freeze)
rCold   + . .        c - +1 buckler
rNeg    . . .        d - +0 scale mail {rC+}
rPois   +            (helmet restricted)
rElec   .            (no cloak)
rCorr   .            l - +1 pair of gloves
SInv    +            (boots unavailable)
Will    .....        p - amulet of guardian spirit
Stlth   ++           j - ring of see invisible
HPRegen 0.31/turn    L - ring of poison resistance
MPRegen 0.14/turn

%: acrobat, guardian spirit
@: flying, studying Invocations
A: beak, talons 3, evasive flight, acrobatic
a: Renounce Religion, Heroism, Finesse, Duel


You were on level 9 of the Dungeon.
You worshipped Okawaru.
Okawaru was extremely pleased with you.
You visited 2 branches of the dungeon, and saw 11 of its levels.
You also visited: Ossuary.

You collected 646 gold pieces.
You spent 388 gold pieces at shops.

Inventory:

Hand Weapons
 a - a +1 flail
 o - a +0 morningstar
 v - a +2 whip of freezing (weapon)
Missiles
 e - a throwing net
 i - 5 boomerangs
 u - 5 javelins
 A - a poisoned dart (quivered)
 P - 3 silver javelins
Armour
 c - a +1 buckler (worn)
 d - a +0 scale mail of cold resistance (worn)
 l - a +1 pair of gloves (worn)
 y - +0 steam dragon scales
 G - a +3 leather armour of fire resistance
 M - a +0 tower shield
Jewellery
 j - a ring of see invisible (left hand)
 p - an amulet of guardian spirit (around neck)
 w - a ring of wizardry
 B - an amulet of faith
 L - a ring of poison resistance (right hand)
Wands
 r - a wand of polymorph (12)
 I - a wand of flame (25)
 O - a wand of digging (6)
Scrolls
 f - 3 scrolls of teleportation
 g - a scroll of blinking
 k - 6 scrolls of identify
 m - a scroll of enchant weapon
 x - 2 scrolls of torment
 E - 2 scrolls of revelation
 F - 3 scrolls of noise
 J - 2 scrolls of vulnerability
 K - 2 scrolls of fear
Potions
 b - 5 potions of attraction
 h - 2 potions of cancellation
 n - 4 potions of curing
 s - 3 potions of lignification
 t - 2 potions of enlightenment
 z - 2 potions of brilliance
 C - 3 potions of magic
 D - a potion of ambrosia
 H - a potion of invisibility
 N - a potion of haste


   Skills:
 + Level 8.4 Fighting
 + Level 13.9 Maces & Flails
 - Level 3.6 Throwing
 + Level 6.5 Armour
 + Level 3.1 Dodging
 + Level 4.4 Stealth
 + Level 5.1 Shields
 * Level 3.4 Invocations


You had 9 spell levels left.
You knew the following spells:

 Your Spells              Type           Power      Damage    Failure   Level
a - Necrotise             Necr           0%         1d4       83%         1

Your spell library contained the following spells:

 Spells                   Type           Power      Damage    Failure   Level
 Apportation              Tloc           0%         N/A       83%         1
 Freeze                   Ice            0%         1d3       83%         1
 Kiss of Death            Conj/Necr      0%         2d5       83%         1
 Sandblast                Erth           0%         2d4       83%         1
 Slow                     Hex            0%         N/A       83%         1
 Sting                    Conj/Alch      0%         1d3       83%         1
 Ensorcelled Hibernation  Hex/Ice        0%         N/A       93%         2
 Frozen Ramparts          Ice            0%         1d1       99%         3
 Hailstorm                Conj/Ice       0%         3d5       99%         3
 Passwall                 Erth           0%         N/A       99%         3
 Stone Arrow              Conj/Erth      0%         3d7       99%         3
 Swiftness                Air            0%         N/A       99%         3
 Brom's Barrelling Bould  Conj/Erth      0%         2d3       100%        4
 Summon Small Mammal      Summ           Unusable   N/A       N/A         1

Dungeon Overview and Level Annotations

Branches:
Dungeon (10/15)            Temple (1/1) D:4         Ossuary (visited)
   Lair: D:8-11         Orc: D:9-12

Altars:
Ashenzari
Cheibriados
Dithmenos
Elyvilon
Fedhas
Gozag
Kikubaaqudgha
Makhleb
Nemelex Xobeh
Okawaru
Qazlal
Ru
Sif Muna
Trog
Uskayaw
Vehumet
Wu Jian
Xom
Yredelemnul
Zin
The Shining One

Shops:
D:2 :[!*(   D:4 :   D:6 (=?[

Annotations:
D:6 3 runed translucent doors, Driedwater's ghost, novice DsNe
D:9 1 runed translucent door, 2 transporters, Sweeb's ghost, novice DsGl; Urug
Temple 2 transporters


Innate Abilities, Weirdness & Mutations

You have a beak for a mouth.
You have claws for feet.
Your magical flight helps you evade attacks. (EV +4)
You can magically evade attacks while moving or waiting.


Message History

Level annotation: 1 runed translucent door, 2 transporters, Sweeb's ghost, novice DsGl
There is a stone staircase leading down here.
You feel much better. Urug hits you but does no damage.
You barely miss Urug. You peck Urug, but do no damage.
Urug is heavily wounded.
You block Urug's attack.
You hit Urug. You freeze Urug. Your kick misses Urug.
You peck Urug, but do no damage.
Urug is severely wounded.
You closely miss Urug. Your kick misses Urug. You peck Urug.
Urug is severely wounded.
Urug hits you with a +6 battleaxe!!
You barely miss Urug.
Urug is severely wounded.
You hit Urug. You freeze Urug. Your kick misses Urug.
You peck Urug, but do no damage.
Urug is severely wounded.
You block Urug's attack.
You closely miss Urug. You claw Urug, but do no damage. Your peck misses Urug.
Urug is severely wounded.
You closely miss Urug.
Urug is severely wounded.
Urug hits you with a +6 battleaxe!!
* * * LOW HITPOINT WARNING * * *
Okay, then.
Unknown command.
Unknown command.
Okay, then.
Unknown command.
You hit Urug. You freeze Urug. Your kick misses Urug.
You peck Urug, but do no damage.
Urug is severely wounded.
Okay, then.
Unknown command.
You hit Urug but do no damage. You claw Urug, but do no damage.
You peck Urug, but do no damage.
Urug is severely wounded.
Urug hits you with a +6 battleaxe!!
You die...
Urug screams, "Revenge at last!"

#.........#.########..#
####.###..#.########..#
#.# #...........#..#####
#.# #..#.#####.#........
#.# #..#.# ###.....###.#
#.# #..#.# #....#.......
#.###..#.###.#.#.....<..
#.##...#.#...#.###.#)%..
####.##...@.......#
#.#.[..
#........#.o####..#
#.#.[.#
#######..#........#
#.#...#
#..#.####...###......
#..#.# #........#.#.#
#..#.###.............
#..#.......#.####.#..
#..#.###...#.####.#..
#..........#....#.#..


You could see Urug.

Vanquished Creatures
  A two-headed ogre (D:8)
  A deep elf pyromancer (D:8)
  Pikel (D:5)
  Joseph (D:7)
  An elephant (D:10)
  Maggie (D:7)
  3 kobold demonologists (D:8)
  A troll (D:10)
  Prince Ribbit (D:5)
  2 hornets
  A vampire (D:8)
  7 yaks
  2 wyverns
  Menkaure (D:6)
  A steam dragon (D:8)
  2 acid dragons
  3 orc warriors
  A black bear (D:8)
  2 ogres (D:5)
  A centaur (D:8)
  A phantom (D:7)
  Blork the orc (D:5)
  8 bullfrogs
  3 gnoll sergeants
  4 scorpions
  11 killer bees
  2 howler monkeys
  4 hounds
  2 jellies
  A bombardier beetle (D:5)
  3 gnoll boudas
  6 iguanas
  3 orc priests
  2 sleepcaps (D:4)
  Terence (D:2)
  Natasha (thrice) (D:2)
  11 orc wizards
  8 mummies (Ossuary)
  34 gnolls
  12 adders
  A shadow imp (D:6)
  A white imp (D:7)
  2 dart slugs
  A ribbon worm (D:4)
  39 orcs
  5 ball pythons
  8 endoplasms
  3 giant cockroaches
  3 hobgoblins
  3 jackals (D:3)
  2 quokkas (D:3)
  6 bats
  2 frilled lizards (D:1)
  A gnoll zombie (Ossuary)
  5 goblins
  4 hobgoblin zombies (Ossuary)
  8 kobolds
  3 kobold zombies (Ossuary)
  7 rats
258 creatures vanquished.

Notes
Turn   | Place    | Note
-------+----------+-------------------------------------------
     0 | D:1      | BeingJoeMalik the Tengu Fighter began the quest for the
                  | Orb.
     0 | D:1      | Reached XP level 1. HP: 14/14 MP: 2/2
   142 | D:1      | Reached skill level 3 in Maces & Flails
   142 | D:1      | Reached XP level 2. HP: 10/19 MP: 3/3
   340 | D:1      | You fall into a shaft and drop 1 floor!
   372 | D:2      | Found Zeprupt's General Store.
   377 | D:2      | Found Weyq's Weapon Shop.
   381 | D:2      | Reached XP level 3. HP: 16/23 MP: 4/4
   440 | D:2      | Reached skill level 4 in Maces & Flails
   493 | D:2      | Noticed Terence
   518 | D:2      | Killed Terence
   519 | D:2      | Reached XP level 4. HP: 20/28 MP: 5/5
   592 | D:2      | Reached skill level 5 in Maces & Flails
   678 | D:2      | Found Neemof's Book Shop.
   704 | D:2      | Noticed Natasha
   711 | D:2      | Killed Natasha
   722 | D:2      | Found Egiafuxt's Antique Armour Emporium.
   723 | D:2      | Found Ungitz Woock's Distillery.
   815 | D:1      | Reached XP level 5. HP: 30/32 MP: 6/6
  1238 | D:2      | Noticed Natasha
  1242 | D:2      | Killed Natasha
  1359 | D:2      | Noticed Natasha
  1369 | D:2      | Killed Natasha
  1370 | D:2      | Reached skill level 6 in Maces & Flails
  1598 | D:2      | Bought a potion of heal wounds for 55 gold pieces
  1598 | D:2      | Bought a potion of curing for 33 gold pieces
  1748 | D:3      | Reached XP level 6. HP: 37/37 MP: 7/7
  2198 | D:3      | Reached skill level 7 in Maces & Flails
  2459 | D:4      | Found a staircase to the Ecumenical Temple.
  2674 | Temple   | Found a transporter.
  2674 | Temple   | Found a transporter.
  2674 | Temple   | Found a transporter.
  2674 | Temple   | Found a transporter.
  2674 | Temple   | Entered the Ecumenical Temple
  2694 | Temple   | Became a worshipper of Warmaster Okawaru
  3128 | D:4      | Gained mutation: Your magical flight helps you evade
                  | attacks. (EV +4) [Tengu growth]
  3128 | D:4      | Reached XP level 7. HP: 41/41 MP: 8/8
  3237 | D:4      | Found Jocrel's Self-Improvement Boutique.
  3320 | D:4      | Reached skill level 8 in Maces & Flails
  3757 | D:5      | Entered Level 5 of the Dungeon
  3792 | D:5      | Found a snail-covered altar of Cheibriados.
  3905 | D:5      | Reached * piety under Okawaru
  3906 | D:5      | Reached skill level 1 in Throwing
  4175 | D:5      | Reached skill level 9 in Maces & Flails
  4183 | D:5      | Reached XP level 8. HP: 42/48 MP: 9/9
  4475 | D:5      | Noticed Prince Ribbit
  4498 | D:5      | Killed Prince Ribbit
  4498 | D:5      | Reached ** piety under Okawaru
  4816 | D:6      | Found a sand-covered staircase.
  4822 | Ossuary  | Entered an ossuary
  5037 | Ossuary  | Reached skill level 10 in Maces & Flails
  5200 | D:6      | Found Bammoufu's Weapon Shop.
  5240 | D:6      | Found Lastrukuk's Jewellery Boutique.
  5369 | D:6      | Found Pilatey's Magic Scroll Shoppe.
  5380 | D:6      | Found Moniug's Armour Shoppe.
  5380 | D:6      | Noticed Pikel
  5380 | D:6      | Noticed Blork the orc
  5412 | D:5      | Killed Pikel
  5412 | D:5      | Reached *** piety under Okawaru
  5413 | D:5      | Reached skill level 5 in Fighting
  5413 | D:5      | Reached skill level 11 in Maces & Flails
  5413 | D:5      | Reached XP level 9. HP: 54/54 MP: 6/10
  5418 | D:5      | Killed Blork the orc
  5671 | D:6      | Noticed Menkaure
  5686 | D:6      | Killed Menkaure
  5761 | D:6      | Found a runed translucent gate.
  5761 | D:6      | Found a runed translucent gate.
  5761 | D:6      | Found a runed translucent gate.
  6315 | D:6      | Noticed Driedwater's ghost (novice DsNe)
  6426 | D:7      | Noticed a cacodemon
  6427 | D:7      | Found a burning altar of Makhleb.
  6432 | D:7      | Found a glowing silver altar of Zin.
  6432 | D:7      | Noticed an angel
  6448 | D:7      | Noticed Maggie
  6462 | D:7      | Killed Maggie
  6463 | D:7      | Reached skill level 12 in Maces & Flails
  6514 | D:7      | Found a sacrificial altar of Ru.
  6514 | D:7      | Found a glowing golden altar of the Shining One.
  6660 | D:7      | Found a white marble altar of Elyvilon.
  6661 | D:7      | Found a shadowy altar of Dithmenos.
  6661 | D:7      | Found a broken altar of Ashenzari.
  6669 | D:7      | Noticed Joseph
  6699 | D:7      | Killed Joseph
  6699 | D:7      | Reached **** piety under Okawaru
  6700 | D:7      | Reached skill level 1 in Stealth
  7025 | D:7      | Reached XP level 10. HP: 57/61 MP: 9/11
  7377 | D:6      | Bought a ring of poison resistance for 300 gold pieces
  7413 | D:8      | Reached skill level 13 in Maces & Flails
  7607 | D:8      | Noticed a two-headed ogre
  7986 | D:8      | Noticed a kobold demonologist
  7994 | D:8      | Killed a kobold demonologist
  7995 | D:8      | Reached skill level 1 in Dodging
  8007 | D:8      | Killed a two-headed ogre
  8007 | D:8      | Reached ***** piety under Okawaru
  8053 | D:8      | Noticed a kobold demonologist
  8066 | D:8      | Killed a kobold demonologist
  8066 | D:8      | Received a gift from Okawaru
  8099 | D:8      | Noticed a deep elf pyromancer
  8166 | D:8      | Killed a deep elf pyromancer
  8209 | D:8      | Noticed a kobold demonologist
  8230 | D:8      | Killed a kobold demonologist
  8231 | D:8      | Reached skill level 5 in Armour
  8376 | D:8      | Found a shimmering blue altar of Sif Muna.
  8551 | D:8      | Found an opulent altar of Gozag.
  8555 | D:8      | Found a radiant altar of Vehumet.
  8705 | D:8      | Got Witchcraft, Part One
  8732 | D:8      | Learned a level 1 spell: Necrotise
  8769 | D:9      | Reached XP level 11. HP: 55/68 MP: 8/12
  8789 | D:8      | Reached skill level 1 in Invocations
  8928 | D:9      | Found a runed translucent door.
  8929 | D:9      | Found a shimmering altar of Xom.
  8929 | D:9      | Noticed a +0 scimitar of chaos
  8929 | D:9      | Noticed Sweeb's ghost (novice DsGl)
  8983 | D:9      | Found a basalt altar of Yredelemnul.
  9177 | D:9      | Found an ancient bone altar of Kikubaaqudgha.
  9177 | D:9      | Noticed a death knight
  9252 | D:9      | Found a transporter.
  9253 | D:9      | Found a transporter.
  9263 | D:9      | Noticed a skeletal warrior
 10143 | D:10     | Entered Level 10 of the Dungeon
 10618 | D:10     | Reached skill level 5 in Shields
 10653 | D:10     | Received a gift from Okawaru
 10956 | D:10     | Noticed Urug
 11059 | D:9      | Mangled by Urug

Illustrated notes

Levels and vault maps discovered:
D:1:      mainiacjoe_arrival_reflecting_pool, layout_basic,
          chequers_serial_rivers_large_a
D:2:      layout_rooms, serial_shops, shop, nicolae_lakefront_shop,
          nicolae_shop_tiny_real_fake_doors, shop, shop, minmay_misc_feat_x,
          uniq_natasha, uniq_terence
D:3:      layout_loops_ring, kennysheep_generic_room_10
D:4:      layout_loops_corners, minmay_temple_entry_junction,
          nicolae_shop_self_help
D:5:      layout_cave_pods, kennysheep_slug_shrine, due_unseen_surprise,
          uniq_prince_ribbit1
D:6:      layout_loops_ring, ebering_ghost_rock_garden, enter_ossuary_2,
          serial_shops, kennysheep_mini_moat, shop, shop, shop,
          kennysheep_boxes, uniq_blork_the_orc, uniq_menkaure, uniq_pikel
D:7:      layout_loops_cross, grunt_temple_overflow_order_and_chaos_2,
          grunt_temple_overflow_open, uniq_maggie, uniq_joseph
D:8:      layout_cave_pools, minitemple, serial_library,
          serial_library_hellmonk_secret_room,
          serial_library_hellmonk_metal_room, serial_library_hellmonk_u_bend,
          serial_library_regret_index_split_case,
          serial_library_regret_index_double_sided,
          serial_library_hellmonk_recessed_alcove,
          serial_library_hellmonk_narrow_alcove,
          serial_library_hellmonk_small_alcove,
          serial_library_hellmonk_reading_circle,
          serial_library_hellmonk_recessed_alcove, st_stairs_10
D:9:      layout_basic, gammafunk_temple_of_torment, ebering_ghost_xom,
          grunt_decor_cap
D:10:     layout_basic, nzn_hepliaklqana_mist_gate,
          grunt_lair_entry_orc_guard_hut, minmay_increasing_density, uniq_urug
Temple:   hellmonk_temple_divided_pantheon

Skill      XL: |  1  2  3  4  5  6  7  8  9 10 11 |
---------------+----------------------------------+-----
Maces & Flails | 3 4 5 6 7 9 11 12 13 | 13.9
Throwing       | 1 3 |  3.6
Fighting       | 4 5 6 7 8 |  8.4
Stealth        | 1 3 4 |  4.4
Armour         | 5 6 |  6.5
Dodging        | 2 3 |  3.1
Shields        | 4 5 |  5.1
Invocations    | 3 |  3.4

Action                     |  1- 3 |  4- 6 |  7- 9 | 10-12 || total
---------------------------+-------+-------+-------+-------++-------
  Melee: Flail             |    53 |   147 |    91 |       ||   291
         Kick              |    13 |    34 |    93 |   139 ||   279
         Peck              |     4 |    24 |    60 |    99 ||   187
         Morningstar       |       |       |    94 |       ||    94
         Whip              |       |       |    92 |   388 ||   480
         Unarmed           |       |       |    18 |       ||    18
  Throw: Javelin           |     5 |     4 |    21 |    13 ||    43
         Dart              |       |       |     9 |    20 ||    29
         Throwing net      |       |       |       |     1 ||     1
  Evoke: Wand              |       |       |     1 |       ||     1
    Use: Potion            |     1 |       |     5 |     5 ||    11
         Scroll            |       |    11 |    14 |       ||    25
   Stab: Invisible         |       |       |     4 |       ||     4
         Held in net/web   |       |       |       |     3 ||     3
 Armour: Scale mail        |    33 |    62 |    82 |   123 ||   300
  Dodge: Dodged            |    20 |    51 |   147 |   156 ||   374
  Block: Buckler           |     5 |    34 |    43 |    77 ||   159
